 Dungeon Crawl Stone Soup version 0.31-a0-1082-g7d1fb776a8 (webtiles) character file.

Game seed: 7763925435552611151

80 BritishOli the Trooper (level 4, 0/36 HPs)
             Began as a Demonspawn Fighter on Nov 27, 2023.
             Slain by an orc wizard
             ... wielding a +1 dagger of holy wrath
              (1 damage)
             ... on level 3 of the Dungeon.
             The game lasted 00:01:14 (1396 turns).

BritishOli the Trooper (Demonspawn Fighter)         Turns: 1396, Time: 00:01:15

Health: 0/36       AC: 10    Str: 19    XL:     4   Next: 18%
Magic:  4/4        EV:  9    Int:  9    God:
Gold:   95         SH:  4    Dex: 12    Spells: 3/3 levels left

rFire   . . .        a - +0 war axe
rCold   . . .        c - +0 buckler
rNeg    . . .        b - +0 scale mail
rPois   .            (no helmet)
rElec   .            k - +0 cloak
rCorr   .            (no gloves)
SInv    .            (no boots)
Will    .....        (no amulet) Stlth
                     (no ring)
HPRegen 0.26/turn    (no ring)
MPRegen 0.09/turn

%: no passive effects
@: no status effects
A: slimy green scales 1, ignite blood 1, demonic touch 1
a: no special abilities


You were on level 3 of the Dungeon.
You visited 1 branch of the dungeon, and saw 3 of its levels.

You collected 95 gold pieces.

Inventory:

Hand Weapons
 a - a +0 war axe (weapon)
Armour
 b - a +0 scale mail (worn)
 c - a +0 buckler (worn)
 k - a +0 cloak (worn)
Scrolls
 e - a scroll of amnesia {unknown}
 f - a scroll of poison {unknown}
 g - a scroll of fear {unknown}
 h - 2 scrolls of identify {unknown}
 i - a scroll of revelation {unknown}
 l - a scroll of teleportation {unknown}
Potions
 d - a potion of might
 j - a potion of haste {unknown}


   Skills:
 + Level 3.6 Fighting
 + Level 2.5 Axes
 + Level 3.3 Armour
 + Level 3.2 Shields


You had 3 spell levels left.
You didn't know any spells.
Your spell library contained the following spells:

 Spells                   Type           Power      Damage    Failure   Level
 Freeze                   Ice            0%         1d3       83%         1
 Magic Dart               Conj           0%         1d3       83%         1
 Call Imp                 Summ           0%         N/A       92%         2
 Frozen Ramparts          Ice            0%         1d1       99%         3
 Hailstorm                Conj/Ice       0%         3d3       99%         3
 Mephitic Cloud           Conj/Pois/Air  0%         N/A       99%         3


Dungeon Overview and Level Annotations

Branches:
Dungeon (3/15)

Altars:


Innate Abilities, Weirdness & Mutations

You are partially covered in slimy green scales. (AC +2)
Your demonic aura sometimes causes spilled blood to erupt in flames.
Your touch may inflict minor irresistible damage on your foes.


Message History

A bat comes into view.
You hit the orc.
The orc is moderately wounded.
You slash the orc!
You kill the orc!
The orc is engulfed in blazing flames.
You kill the orc!
There are monsters nearby!
Found a stone staircase leading up.
The bat closely misses you.
The orc warrior hits you with a +0 battleaxe!
The bat is engulfed in blazing flames.
You kill the bat!
There are monsters nearby!
You barely miss the orc warrior.
The orc warrior hits you with a +0 battleaxe!
There are monsters nearby!
There are monsters nearby!
You are too injured to fight recklessly!
You are too injured to fight recklessly!
Unknown command.
You hit the orc warrior.
The orc warrior is lightly wounded.
A ball python comes into view.
The orc warrior hits you with a +0 battleaxe!
* * * LOW HITPOINT WARNING * * *
The orc barely misses you.
The orc warrior hits you with a +0 battleaxe.
* * * LOW HITPOINT WARNING * * *
Something hits you but does no damage.
A hobgoblin comes into view.
The ball python hisses angrily.
Something hits you.
* * * LOW HITPOINT WARNING * * *
You convulse.
* * * LOW HITPOINT WARNING * * *
There is a stone staircase leading up here.
The orc warrior barely misses you. Something hits you.
* * * LOW HITPOINT WARNING * * *
You convulse.
You die...

##... #..# .....
##...
##...###...
..........#
#........
##.......#######
................
#..g..)o@<......
#..#..)o.#######
#.....# #.S...#
#.?.....
#..####.. #..
#.. ..# ..< ...
....


You could see an orc warrior, an orc, a hobgoblin and a ball python.

Vanquished Creatures
  2 adders (D:2)
  A worm (D:2)
  2 dart slugs (D:2)
  2 orcs (D:3)
  5 ball pythons
  7 bats
  4 endoplasms
  A giant cockroach (D:1)
  4 goblins
  4 hobgoblins
  2 jackals (D:2)
  6 kobolds
  3 quokkas
  4 frilled lizards
  3 rats
50 creatures vanquished.

Notes
Turn   | Place    | Note
-------+----------+-------------------------------------------
     0 | D:1      | BritishOli the Demonspawn Fighter began the quest for the
                  | Orb.
     0 | D:1      | Reached XP level 1. HP: 18/18 MP: 1/1
   128 | D:1      | Gained mutation: Your touch may inflict minor irresistible
                  | damage on your foes. [demonic ancestry]
   128 | D:1      | Reached XP level 2. HP: 24/24 MP: 2/2
   192 | D:1      | Found a faded altar of an unknown god.
   937 | D:2      | Gained mutation: Your demonic aura sometimes causes spilled
                  | blood to erupt in flames. [demonic ancestry]
   937 | D:2      | Reached XP level 3. HP: 27/29 MP: 3/3
  1323 | D:2      | Gained mutation: You are partially covered in slimy green
                  | scales. (AC +2) [demonic ancestry]
  1323 | D:2      | Reached XP level 4. HP: 35/35 MP: 4/4
  1389 | D:3      | Noticed an orc warrior
  1396 | D:3      | HP: 1/36 [something (1)]
  1396 | D:3      | Slain by an orc wizard

Illustrated notes

Levels and vault maps discovered:
D:1:      wander_arrival_peaceful_grave, layout_basic,
          hellmonk_ecumenical_altar_pennies_from_heaven
D:2:      layout_rooms
D:3:      layout_rooms, nicolae_overflow_hidden_temple, serial_shops, shop,
          chequers_serial_rivers_micro_a, nicolae_shop_vocational, uniq_robin

Skill      XL: |  1  2 |
---------------+-------+-----
Axes           | 2 |  2.5
Armour         | 3 |  3.3
Shields        | 3 |  3.2
Fighting       | |  3.6

Action                     |  1- 3 |  4- 6 || total
---------------------------+-------+-------++-------
  Melee: War axe           |   128 |     3 ||   131
 Armour: Scale mail        |    75 |     8 ||    83
  Dodge: Dodged            |    78 |     3 ||    81
  Block: Buckler           |    33 |       ||    33

Table legend: (Time is in decaauts)
 A = Elapsed time spent in this place.
 B = Non-inter-level travel time spent in this place.
 C = Inter-level travel time spent in this place.
 D = Time resting spent in this place.
 E = Time spent auto-exploring this place.
 F = Levels seen in this place.
 G = Mean time per level.
                   A        B        C        D        E       F      G
               +--------+--------+--------+--------+--------+-----+--------+
         Total |   1454 |   1418 |     36 |      0 |   1057 |   3 |  484.7 |
       Dungeon |   1454 |   1418 |     36 |      0 |   1057 |   3 |  484.7 |
               +--------+--------+--------+--------+--------+-----+--------+

Top non-repeatable levels by time:
     D:1: 951 daAuts
     D:2: 495 daAuts
     D:3: 8 daAuts
